Map: Lightshade LE

Players

TriGGeR

  • Race: Protoss Protoss

Scarlett - Winner!

  • Race: Zerg Zerg

Event: DreamHack SC2 Masters 2021 Fall

VOD

Have the link to the VOD?

Description

Time

  • Played on: Aug. 3, 2021, 4:04 p.m.
  • Length: 7:23

All games in this series

Show
View Real Time Build Order
Export as new Build Order

TriGGeR Protoss 

Build Orders: 1 Gate Expand 

Get SALT Encoding   

  12  0:00  Probe  
  13  0:12  Probe  
  14  0:17  Pylon  
  14  0:24  Probe (Chrono Boost)  
  15  0:36  Probe (Chrono Boost)  
  15  0:37  Gateway  
  16  0:44  Probe (Chrono Boost)  
  16  0:46  Assimilator  
  17  0:51  Probe  
  18  1:03  Probe  
  19  1:15  Probe  
  20  1:22  Nexus  
  20  1:27  Probe  
  21  1:37  Cybernetics Core  
  21  1:39  Probe  
  22  1:48  Assimilator  
  22  1:52  Pylon  
  22  1:53  Probe  
  23  2:10  Adept (Chrono Boost), Probe  
  23  2:14  Warp Gate  
  26  2:22  Probe (Chrono Boost)  
  27  2:29  Stargate  
  27  2:32  Probe (Chrono Boost)  
  27  2:35  Probe (Chrono Boost)  
  28  2:37  Adept  
  28  2:44  Probe (Chrono Boost)  
  32  2:46  Probe (Chrono Boost)  
  32  2:51  Probe (Chrono Boost)  
  33  2:52  Gateway, Probe (Chrono Boost)  
  34  3:00  Probe  
  34  3:04  Void Ray (Chrono Boost)  
  35  3:07  Probe  
  37  3:12  Probe  
  37  3:17  Pylon  
  41  3:21  Probe  
  42  3:27  Probe  
  42  3:33  Probe  
  44  3:41  Nexus  
  44  3:44  Pylon  
  44  3:46  Void Ray (Chrono Boost)  
  44  3:48  Probe  
  45  3:49  Probe  
  50  4:00  Probe  
  51  4:03  Probe  
  51  4:05  Assimilator  
  51  4:07  Assimilator  
  52  4:12  Probe  
  52  4:15  Void Ray (Chrono Boost), Probe  
  54  4:18  Shield Battery  
  58  4:24  Probe  
  58  4:25  Pylon  
  58  4:28  Probe  
  58  4:31  Stargate  
  60  4:36  Probe  
  61  4:41  Forge, Probe  
  62  4:50  Pylon, Probe (Chrono Boost)  
  62  4:52  Void Ray  
  63  4:53  Probe (Chrono Boost)  
  63  4:55  Probe (Chrono Boost)  
  69  5:03  Twilight Council  
  69  5:04  Probe (Chrono Boost)  
  69  5:06  Probe x2 (Chrono Boost)  
  72  5:09  Probe (Chrono Boost)  
  72  5:10  Void Ray  
  72  5:11  Probe (Chrono Boost)  
  72  5:14  Probe (Chrono Boost)  
  80  5:25  Assimilator  
  82  5:29  Assimilator  
  82  5:30  Probe (Chrono Boost)  
  82  5:31  Photon Cannon  
  82  5:33  Photon Cannon  
  82  5:34  Photon Cannon  
  80  5:36  Shield Battery  
  80  5:37  Probe x2  
  80  5:38  Shield Battery  
  80  5:39  Void Ray  
  80  5:40  Pylon  
  86  5:50  Shield Battery  
  86  5:51  Probe x2  
  86  5:52  Probe  
  89  5:57  Photon Cannon  
  89  5:59  Shield Battery  
  89  6:03  Shield Battery, Probe  
  90  6:05  Pylon  
  90  6:09  Shield Battery  
  90  6:10  Shield Battery  
  90  6:12  Shield Battery  
  90  6:15  Pylon  
  90  6:18  Void Ray (Chrono Boost)  
  90  6:19  Void Ray (Chrono Boost), Stalker  
  96  6:32  Zealot  
  89  6:45  Zealot  
  91  6:49  Void Ray (Chrono Boost)  
  74  7:12  Zealot  
Show
View Real Time Build Order
Export as new Build Order

Scarlett Zerg - Winner!

Build Orders: Hatch First 

Get SALT Encoding   

  12  0:00  Drone  
  13  0:08  Drone  
  14  0:16  Overlord  
  14  0:22  Extractor  
  14  0:23  Drone  
  15  0:35  Drone  
  16  0:46  Hatchery  
  15  0:51  Drone  
  15  0:54  Drone  
  17  0:57  Drone  
  18  1:09  Extractor  
  17  1:13  Spawning Pool  
  17  1:16  Drone  
  17  1:20  Drone  
  18  1:27  Drone  
  19  1:37  Drone  
  20  1:48  Drone  
  21  2:00  Queen x2, Overlord  
  21  2:01  Zergling x2  
  26  2:09  Drone x2  
  26  2:12  Metabolic Boost  
  28  2:21  Drone x2  
  30  2:35  Drone  
  30  2:36  Hatchery  
  30  2:45  Overlord  
  30  2:47  Queen  
  32  2:51  Zergling x4  
  34  2:59  Drone x2  
  36  3:11  Drone x2  
  38  3:14  Zergling x8  
  38  3:18  Overlord  
  38  3:19  Queen  
  43  3:34  Overlord  
  43  3:36  Queen  
  43  3:40  Drone x3  
  48  3:45  Drone x3  
  48  3:48  Overlord  
  51  3:49  Queen  
  51  3:52  Drone x2  
  55  3:58  Drone x3  
  57  4:04  Spore Crawler  
  57  4:06  Drone x2  
  57  4:09  Queen  
  60  4:15  Drone x4  
  64  4:18  Drone  
  65  4:27  Extractor, Roach Warren, Drone  
  65  4:28  Extractor, Drone x2  
  65  4:32  Drone  
  65  4:33  Drone x2  
  68  4:38  Overlord  
  68  4:39  Extractor, Drone x2  
  68  4:43  Queen  
  71  4:48  Lair  
  71  4:51  Overlord  
  71  4:52  Overlord  
  71  4:55  Drone  
  71  4:56  Drone  
  71  4:57  Overlord  
  71  4:59  Drone  
  72  5:01  Drone x2  
  78  5:07  Roach x2  
  78  5:10  Roach x2  
  78  5:13  Roach  
  78  5:14  Roach  
  86  5:19  Roach  
  86  5:20  Roach x2  
  92  5:23  Overlord  
  93  5:28  Ravager x2  
  93  5:33  Queen, Overlord  
  93  5:34  Overlord  
  95  5:36  Roach x2  
  95  5:40  Roach x2  
  95  5:42  Ravager  
  104  5:46  Overseer  
  104  5:48  Overlord  
  104  5:49  Zergling x2  
  108  5:50  Zergling x6  
  108  5:54  Ravager  
  109  5:57  Ravager  
  109  5:58  Zergling x12  
  116  6:05  Ravager  
  116  6:07  Zergling x14  
  123  6:12  Zergling x2  
  123  6:14  Queen  
  123  6:17  Ravager  
  125  6:20  Zergling x6  
  125  6:21  Zergling x4  
  128  6:28  Zergling x4  
  127  6:37  Zergling x4, Queen x2  
  127  6:38  Overseer  
  126  6:42  Hydralisk Den  
  121  6:48  Drone  
  121  6:49  Drone x2  
  119  6:54  Evolution Chamber  
  119  6:58  Ravager x4  
  121  7:02  Drone  
  121  7:03  Drone x3  
  114  7:10  Drone x2  

Tags
 
Add a new tag
Caveats
  • Supply blocks, unpowered buildings, or Contaminate may cause inaccurate times.
  • Supply counts are checked every 10 seconds.